cohdb
Replays
Latest Replays
All Replays
Popular Replays
Top Player Replays
Match Explorer
How It Works
Community
CoH3 Stats
Reddit
Sign in to upload your games and track your stats! →
Sign in with Steam
Match 40952057
Unlisted
Match 40952057
Overview
Messages
Build Orders
End
Construct Barracks
Engineer Squad
Riflemen Squad
Riflemen Squad
Riflemen Squad
Construct Medical Station
Infantry Support Center
Grenade Package
M1918 Browning Automatic Rifles
Selects Special Operations Battlegroup
Selects Raiding Flares
Selects SSF Commando Squad
SSF Commando Squad
SSF Commando Squad
Construct Tank Depot
M18 Hellcat Tank Destroyer
Selects Air Re-supply Operation
Air Re-Supply Operation
Advanced Logistics
Survival Training
Munitions Surplus
FooKilla
Basecoh3 @ Youtube
.
KevinTDW
0
0
Comments
sign in to comment!
No comments posted yet!